Workbook
Name \0: #REF!
Name \00: #REF!
Name \a: #REF!
Name \AA: #REF!
Name \b: #REF!
Name \bb: #REF!
Name \c: #REF!
Name \E: #REF!
Name \EE: #REF!
Name \eliminar: #REF!
Name \eliminar1: #REF!
Name \G: #REF!
Name \i: #REF!
Name \k: #REF!
Name \l: #REF!
Name \M: #REF!
Name \ñ: #REF!
Name \P: #REF!
Name \q: #REF!
Name \R: #REF!
Name \s: #REF!
Name \t: #REF!
Name \V: #REF!
Name \X: [0]!err
Name \X: 'RESUMEN LOTE 1'!ERR
Name \X: [0]!err
Name \Z: [0]!err
Name \Z: 'RESUMEN LOTE 1'!ERR
Name \Z: [0]!err
Name _________________________________________________i1: #REF!
Name ________________________________________________i1: #REF!
Name _______________________________________________i1: #REF!
Name ______________________________________________i1: #REF!
Name _____________________________________________i1: #REF!
Name ____________________________________________i1: #REF!
Name ___________________________________________i1: #REF!
Name __________________________________________i1: #REF!
Name _________________________________________i1: #REF!
Name ________________________________________i1: #REF!
Name _______________________________________i1: #REF!
Name ______________________________________i1: #REF!
Name _____________________________________i1: #REF!
Name ____________________________________i1: #REF!
Name ___________________________________i1: #REF!
Name __________________________________i1: #REF!
Name _________________________________i1: #REF!
Name ________________________________i1: #REF!
Name _______________________________i1: #REF!
Name ______________________________i1: #REF!
Name _____________________________i1: #REF!
Name ____________________________i1: #REF!
Name ___________________________i1: #REF!
Name __________________________i1: #REF!
Name _________________________i1: #REF!
Name ________________________i1: #REF!
Name _______________________i1: #REF!
Name ______________________i1: #REF!
Name _____________________i1: #REF!
Name ____________________i1: #REF!
Name ___________________i1: #REF!

Sheet RESUMEN LOTE 1
B2: Formulario 1 - Propuesta económica
B3: Código
B4: Versión
B6: RESUMEN FORMULARIO 1 - MC-SA-MC-0004-2025
B8: PROYECTO | D8: COSTO DIRECTO | F8: COSTOS INDIRECTOS | G8: TOTAL
B9: ='O. ECONOMICA - MAGB'!B7 -> Museo Antonio García de Bonilla en Ocaña Norte de Santander | D9: ='O. ECONOMICA - MAGB'!F75 -> 0 | F9: ='O. ECONOMICA - MAGB'!F80 -> 0 | G9: ='O. ECONOMICA - MAGB'!F83 -> 0 | I9: =(D9+F9)=G9 -> TRUE
B10: ='O. ECONOMICA - BNC'!C4 -> BIBLIOTECA NACIONAL DE COLOMBIA | D10: ='O. ECONOMICA - BNC'!G70 -> 0 | F10: ='O. ECONOMICA - BNC'!G71+'O. ECONOMICA - BNC'!G72+'O. ECONOMICA - BNC'!G73+'O. ECONOMICA - BNC'!G74 -> 0 | G10: ='O. ECONOMICA - BNC'!G75 -> 0 | I10: =(D10+F10)=G10 -> TRUE
B12: COSTO TOTAL DE LA PROPUESTA | D12: =G9+G10 -> 0
B14: NOTA 1: Se debe tener en cuenta que el PRECIO UNITARIO NO incluye el valor de A.I.U.
B15: NOTA 2: Cuando la fracción decimal del peso sea igual o superior a 5 se aproximara por exceso al número entero siguiente del peso y cuando la fracción decimal del peso sea inferior a 5 se aproximará por defecto al número entero del peso.
B16: NOTA 3: El A.I.U y su discriminación deben estar en porcentaje (%).
D22: Firma del Proponente o de su representante legal

Sheet O. ECONOMICA - MAGB
A1: PROPUESTA ECONOMICA
A3: PROYECTO: | B3: Realizar los diagnósticos, estudios técnicos, ajustes y diseños necesarios para la protección de cuatro inmuebles con valores culturales a cargo del Ministerio de Cultura
B7: Museo Antonio García de Bonilla en Ocaña Norte de Santander
A9: ÍTEM | B9: DESCRIPCIÓN | C9: UNIDAD | D9: CANTIDAD | E9: VR / UNITARIO | F9: VALOR TOTAL
A10: 1 | B10: ACTIVIDADES PRELIMINARES
A11: 1.1 | B11: Bloqueo y traslado de plantas de jardín | C11: m2 | D11: 26.418 | F11: =IFERROR(ROUND($D11*$E11,0),"") -> 0
A12: 1.2 | B12: Descapote y retiro de capa de suelo común hasta una altura de 50 cm. Incluye peinado de superficie. Herramienta manual. | C12: m2 | D12: 26.418 | F12: =IFERROR(ROUND($D12*$E12,0),"") -> 0
A13: 1.3 | B13: Suministro e instalación de membrana geotextil en área de jardín | C13: m2 | D13: 45.42 | F13: =IFERROR(ROUND($D13*$E13,0),"") -> 0
A14: 1.4 | B14: Replante de jardín existente. Incluye suministro de 40 % de plántulas. Incluye re instalación de tierra negra. | C14: m2 | D14: 26.418 | F14: =IFERROR(ROUND($D14*$E14,0),"") -> 0
A15: 1.5 | B15: Desmonte de canal en ladrillo a nivel de piso en patio de acceso | C15: ml | D15: 16.945 | F15: =IFERROR(ROUND($D15*$E15,0),"") -> 0
A16: 1.6 | B16: Desmonte de bajantes de latón en patio principal | C16: ml | D16: 6.5 | F16: =IFERROR(ROUND($D16*$E16,0),"") -> 0
A17: 1.7 | B17: Desmonte de canales de latón en patio principal | C17: ml | D17: 16.44 | F17: =IFERROR(ROUND($D17*$E17,0),"") -> 0
A18: 1.8 | B18: Desmonte de lámina de fibrocemento y/o yeso cartón que obtura ventanas en las salas de exposición. Incluye corte de lámina y reconfiguración de estructura de soporte en parales y omegas para muro seco, conservando el área de muro seco que enchapa los muros perimetrales de las salas. Incluye resane de filos con masilla, cinta malla y esquineros. | C18: unidad | D18: 7 | F18: =IFERROR(ROUND($D18*$E18,0),"") -> 0
A19: 1.9 | B19: Retiro de ductería y cableado existente sin uso, cable coaxial, cable Utp, canaletas plásticas perimetrales, cajas de paso, tapas ciegas, cable dúplex y/o cualquier elemento existente que no este realizando ningún tipo de energización o datos. | C19: global | D19: 1 | F19: =IFERROR(ROUND($D19*$E19,0),"") -> 0
B20: SUBTOTAL 1. ACTIVIDADES PRELIMINARES | F20: =SUBTOTAL(9,F11:F19) -> 0
A21: 2 | B21: INSTALACIONES DE EVACUACIÓN DE AGUAS LLUVIAS Y MANEJO DE HUMEDAD ASCENDENTE
A22: 2.1 | B22: Suministro e instalación de canal en lámina cal.20 forma igual a la existente con cuelgues en varilla. Ubicadas en los dos patios. Incluye aplicación de wash primer y acabado en esmalte color igual al existente. | C22: ml | D22: 16.44 | F22: =IFERROR(ROUND($D22*$E22,0),"") -> 0
A23: 2.2 | B23: Suministro e instalación de canal en lámina cal.20 en corona de muro de lindero. Desarrollo de 1,20 incluyendo solapa bajo teja de barro. Incluye retiro y reinstalación de .60m2 de teja de barro por cada metro lineal de canal. | C23: ml | D23: 14.374 | F23: =IFERROR(ROUND($D23*$E23,0),"") -> 0
A24: 2.3 | B24: Suministro e instalación de bajantes de A.L.3" en lámina cal.20, adosadas a columnas de madera en la misma ubicación de las existentes. Incluye aplicación de wash primer y acabado en esmalte color igual al existente. | C24: ml | D24: 6.5 | F24: =IFERROR(ROUND($D24*$E24,0),"") -> 0
A25: 2.4 | B25: Caja de inspección de 30x30 para conexión de bajantes A.L. en lámina con red subterránea de evacuación. Conectar con caja de inspección existente en el mismo patio | C25: unidad | D25: 2 | F25: =IFERROR(ROUND($D25*$E25,0),"") -> 0
A26: 2.5 | B26: Suministro e instalación de red horizontal de A.L. en PVC 4" subterránea en piso blando. Suelo común | C26: ml | D26: 9.532 | F26: =IFERROR(ROUND($D26*$E26,0),"") -> 0
A27: 2.6 | B27: Suministro e instalación de tubería tipo RIB DRAIN - D.4" con perforaciones, embebida en zanja con material granular y geotextil de aislamiento, incluye excavación de suelo hasta capa con material permeable. Incluye reposición de suelo a estado original. (FILTRO) | C27: ml | D27: 16.058 | F27: =IFERROR(ROUND($D27*$E27,0),"") -> 0
A28: 2.7 | B28: CARCAMO Cañuela en concreto con tapa rejilla prefabricada en concreto dimensiones 20 x 30 cm sobre recebo compactado, con sifón conectado a red existente. | C28: ml | D28: 16.945 | F28: =IFERROR(ROUND($D28*$E28,0),"") -> 0
A29: 2.8 | B29: Suministro e instalacion de Valvula STUDOR o MiniVent en lavamanos baterías sanitarias baños públicos | C29: unidad | D29: 5 | F29: =IFERROR(ROUND($D29*$E29,0),"") -> 0
A30: 2.9 | B30: Caja de inspección de 60x60 para conexión de bajantes A.L. en lámina con red subterránea de evacuación. Conectar con caja de inspección existente en el mismo patio | C30: unidad | D30: 1 | F30: =IFERROR(ROUND($D30*$E30,0),"") -> 0
B31: SUBTOTAL 2.INSTALACIONES DE EVACUACIÓN DE AGUAS LLUVIAS Y MANEJO DE HUMEDAD ASCENDENTE | F31: =SUBTOTAL(9,F22:F30) -> 0
A32: 3 | B32: CUBIERTAS
A33: 3.1 | B33: Reemplazo de elementos verticales a modo de pendolón en madera rolliza y diagonales en madera rolliza que unen la base del pendolón en el tirante, con la cumbrera. El reemplazo se efectúa por esbeltez, rajaduras, o ataque de xilófagos. Sección elemento nuevo 12 cm diámetro, LONGITUD PROMEDIO DE 2,10M | C33: unidad | D33: 27 | F33: =IFERROR(ROUND($D33*$E33,0),"") -> 0
A34: 3.2 | B34: Suministro e instalación de elementos FALTANTES así, elementos verticales a modo de pendolón en madera rolliza y diagonales en madera rolliza que unen la base del pendolón en el tirante, con la cumbrera. Sección elemento nuevo 12 cm diámetro, LONGITUD PROMEDIO DE 2,10M | C34: unidad | D34: 20 | F34: =IFERROR(ROUND($D34*$E34,0),"") -> 0
A35: 3.3 | B35: Reemplazo de tirantes en mal estado por (rajaduras, esbeltez, torceduras). El tirante de reemplazo debe conservar el mismo anclaje a muro y solera. Este proceso se realiza sin efectuar desmonte de cubierta. El reemplazo de tirantes debe efectuarse antes de la instalación de cerchas nuevas. | C35: unidad | D35: 8.4 | F35: =IFERROR(ROUND($D35*$E35,0),"") -> 0
A36: 3.4 | B36: Impermeabilización en áreas de cubierta donde se presenta infiltración. Se debe retirar teja de barro del área afectada desde la cumbrera hasta la canal, efectuar limpieza, instalar lámina de fibrocemento de 4mm, la cual debe ser protegida con impermeabilizante de acrílico tipo Sikafill, Broncoelástico o similar (NO INSTALAR MANTOS DE APLICACIÓN AL CALOR POR RIESGO DE INCENDIO). Incluye reinstalación de teja de barro y suministro de la misma por rotura. Se debe instalar teja de barro proveniente de demolición para garantizar la misma apariencia de la existente. La cantidad señalada incluye el área a la que es necesario efectuar el tratamiento desde cumbrera hastael alero o canal independientemente de que el área afectada por infiltraciones sea menor. | C36: m2 | D36: 29.52145 | F36: =IFERROR(ROUND($D36*$E36,0),"") -> 0
A37: 3.5 | B37: Inmunización elementos lineales de sección 12x18 cm. Incluye cuatro caras. | C37: ml | D37: 275.667 | F37: =IFERROR(ROUND($D37*$E37,0),"") -> 0
A38: 3.6 | B38: Inmunización faldones de cubierta | C38: m2 | D38: 767.152 | F38: =IFERROR(ROUND($D38*$E38,0),"") -> 0
B39: SUBTOTAL 3. CUBIERTAS | F39: =SUBTOTAL(9,F33:F38) -> 0
A40: 4 | B40: CARPINTERIA DE MADERA
A41: 4.1 | B41: Restauración de ventanería afectada parcialmente por ataque de xilófagos o pudriciones por humedad. Incluye desmonte de las hojas o del marco, reemplazo de chambranas afectadas, retiro de capas de esmaltes y lacas mediante raspado, lijado y aplicación de removedor. Incluye aplicación de tapaporos, esmalte de color igual al existente y laca. Se debe utilizar madera tipo estructural en las piezas de reemplazo. Se debe considerar un reemplazo del 5% al 10% de los elementos constitutivos de la ventana. Dimensión promedio de ventana, 2,10 m x 1,10 m | C41: unidad | D41: =24*0.2 -> 4.8 | F41: =IFERROR(ROUND($D41*$E41,0),"") -> 0
A42: 4.2 | B42: Restauración de antepechos afectados por ataque de xilófagos . Incluye reemplazo de chambranas, o pasamanos, o bolillos torneados afectados, retiro de capas de esmaltes y lacas mediante raspado, lijado y aplicación de removedor. Incluye aplicación de tapaporos, esmalte de color igual al existente y laca. Se debe utilizar madera tipo estructural en las piezas de reemplazo. Se debe considerar un reemplazo del 5% al 10% de los elementos constitutivos de la baranda. Dimensión promedio de baranda, 2,15 m x 1 m | C42: unidad | D42: 3 | F42: =IFERROR(ROUND($D42*$E42,0),"") -> 0
A43: 4.3 | B43: Reemplazo de dinteles en madera afectados por ataque de xilófagos. Cada dintel se compone de cuatro maderos de sección cuadrada aproximada de 18 cm. Longitud aproximada de 1,20 ml. | C43: unidad | D43: 3 | F43: =IFERROR(ROUND($D43*$E43,0),"") -> 0
B44: SUBTOTAL 4. PAÑETES Y PINTURAS | F44: =SUBTOTAL(9,F41:F43) -> 0
A45: 5 | B45: INSTALACIONES ELÉCTRICAS
A46: 5.1 | B46: Configuracion de tablero de control de iluminación piso 1, 208V-120V, 12 contactores existentes, barraje neutro y tierra, incluye accesorios de puesta a tierra y anclajes | C46: unidad | D46: 1 | F46: =IFERROR(ROUND($D46*$E46,0),"") -> 0
A47: 5.2 | B47: Suministro e instalacion de luminaria panel led redondo de sobreponer 30W 2100lm 4000-6500k. Incluye materiales e instalacion de salidad electrica acorde al RETIE | C47: unidad | D47: 11 | F47: =IFERROR(ROUND($D47*$E47,0),"") -> 0
A48: 5.3 | B48: Suministro e instalación de UPS construcción (Modular/Monolítica) 2kVA para TR-TOMAS REGULADS con 15 mínutos de autonomía FP 1.0, 120V,1Ø, incluye todos los accesorios, garantías y demás características, incluye instalación, pruebas, arranque de los sistemas UPS y mantenimiento preventivo. | C48: unidad | D48: 1 | F48: =IFERROR(ROUND($D48*$E48,0),"") -> 0
A49: 5.4 | B49: Tubería EMT Ø3/4". Incluye soportes, cajas de paso 2400, material menor, accesorios y demas elementos para un completo montaje. Luminaria corredor entre patios | C49: ml | D49: 35 | F49: =IFERROR(ROUND($D49*$E49,0),"") -> 0
A50: 5.5 | B50: Canaleta doble canal de 40x20mm Potencia datos. Incluye conductor de puesta a tierra, prensas de cobre cada 1m, soportes y accesorios para su correcta instalación | C50: ml | D50: 17 | F50: =IFERROR(ROUND($D50*$E50,0),"") -> 0
A51: 5.6 | B51: 1x12F+1x12N+12T, CU, LSHF, luminaria corredor entre patios | C51: ml | D51: 28 | F51: =IFERROR(ROUND($D51*$E51,0),"") -> 0
A52: 5.7 | B52: Salida tomacorriente GFCI para vivienda, oficinas y de servicio, monofásico doble 2P+T, 15A-125V, cable LSHF. | C52: unidad | D52: 1 | F52: =IFERROR(ROUND($D52*$E52,0),"") -> 0
A53: 5.8 | B53: Salida tomacorriente Normal para vivienda, oficinas y de servicio, monofásico doble 2P+T, 15A-125V, cable LSHF. | C53: unidad | D53: 4 | F53: =IFERROR(ROUND($D53*$E53,0),"") -> 0
A54: 5.9 | B54: Salida tomacorriente regulada monofásico doble 2P+T, 15A-125V, cable LSHF. | C54: unidad | D54: 7 | F54: =IFERROR(ROUND($D54*$E54,0),"") -> 0
A55: 5.10 | B55: Normalización salida de iluminación, incluye caja de paso, salida encauchetada, material menor, montaje y conexionado. Luminarias corredor principal. | C55: unidad | D55: 15 | F55: =IFERROR(ROUND($D55*$E55,0),"") -> 0
A56: 5.11 | B56: Suministro e instalación de luminaria panel led lineal mínimo 5400 Lm, al menos 100-240V, 40W, tipo LED lineal de descolgar. Incluye materiales e instalación de salida eléctrica acorde al RETIE Incluye materiales e instalacion de salida electrica acorde al RETIE | C56: unidad | D56: 5 | F56: =IFERROR(ROUND($D56*$E56,0),"") -> 0
A57: 5.12 | B57: Suministro de instalación de salida para luminaria salida de emergencia 6W chip on board. | C57: unidad | D57: 6 | F57: =IFERROR(ROUND($D57*$E57,0),"") -> 0
B58: EQUIPOS PASIVOS SISTEMA DE COMUNICACIONES(Incluye Suministro completo, montaje, conexionado, pruebas y puesta en marcha)/Equipos Cuarto Rack
A59: 5.13 | B59: Suministro e Instalación Faceplate 2 Bocas para Jack RJ45 Cat 6A | C59: unidad | D59: 5 | F59: =IFERROR(ROUND($D59*$E59,0),"") -> 0
A60: 5.14 | B60: Suministro e Instalación Jack categoría 6A para faceplate Azul | C60: unidad | D60: 10 | F60: =IFERROR(ROUND($D60*$E60,0),"") -> 0
A61: 5.15 | B61: Suministro e Instalación Patchcord Cat 6A UTP 7 Pies Azul | C61: unidad | D61: 10 | F61: =IFERROR(ROUND($D61*$E61,0),"") -> 0
A62: 5.16 | B62: Suministro e Instalación Patch Panel de 24 puertos Cat 6A | C62: unidad | D62: 1 | F62: =IFERROR(ROUND($D62*$E62,0),"") -> 0
A63: 5.17 | B63: Rotulación y Certificación Puntos Datos en Cobre | C63: unidad | D63: 5 | F63: =IFERROR(ROUND($D63*$E63,0),"") -> 0
A64: 5.18 | B64: Suministro, tendido, peinado Cableado U/UTP Categoría 6A | C64: ml | D64: 132 | F64: =IFERROR(ROUND($D64*$E64,0),"") -> 0
A65: 5.19 | B65: Suministro, e instalación switch para datos minimo 6 salidas | C65: unidad | D65: 1 | F65: =IFERROR(ROUND($D65*$E65,0),"") -> 0
A66: 5.20 | B66: suministro, instalacion capacitacion NVR grabador de video en red capacidad minimo 1TB para cctv | C66: unidad | D66: 1 | F66: =IFERROR(ROUND($D66*$E66,0),"") -> 0
A67: 5.21 | B67: suministro, instalacion capacitacion camara CCTV | C67: unidad | D67: 1 | F67: =IFERROR(ROUND($D67*$E67,0),"") -> 0
A68: 5.22 | B68: Suministro, e instalación switch para CCTV minimo 6 salidas | C68: unidad | D68: 1 | F68: =IFERROR(ROUND($D68*$E68,0),"") -> 0
A69: 5.23 | B69: Suministro instalación Rack para equipos de comunicación CCTV y datos | C69: unidad | D69: 1 | F69: =IFERROR(ROUND($D69*$E69,0),"") -> 0
A70: 5.24 | B70: Suministro e instalación TV/Monitor para sistema de monitorieo de CCTV Televisor de 50" | C70: unidad | D70: 1 | F70: =IFERROR(ROUND($D70*$E70,0),"") -> 0
... A72: 5.26 | B72: Ingeniería requerida para resolver en obra todos los cambios y/o modificaciones y diseños menores. Incluye las memorias de cálculo que apliquen para cambios de pequeña envergadura | C72: Global | D72: 1 | F72: =IFERROR(ROUND($D72*$E72,0),"") -> 0
B73: SUBTOTAL 5. INSTALACIONES ELÉCTRICAS | F73: =SUBTOTAL(9,F46:F72) -> 0
B75: SUBTOTAL COSTO DIRECTO | F75: =SUBTOTAL(9,F10:F74) -> 0
B76: ADMINISTRACIÓN | C76: % | F76: =ROUND(D76*$F$75,0) -> 0
B77: IMPREVISTOS | C77: % | F77: =ROUND(D77*$F$75,0) -> 0
B78: UTILIDAD | C78: % | F78: =ROUND(D78*$F$75,0) -> 0
B79: IVA SOBRE UTILIDAD | C79: % | D79: 0.19 | F79: =ROUND(D79*F78,0) -> 0
B80: SUBTOTAL COSTO INDIRECTO | F80: =SUM(F76:F79) -> 0
B81: Certificacion RETIE y RETILAP | C81: GL | D81: 1 | F81: =IFERROR(ROUND($D81*$E81,0),"") -> 0
B82: SUBTOTAL SERVICIOS Y MOBILIARIOS CON IVA INCLUIDO | F82: =SUM(F81:F81) -> 0
B83: TOTAL | F83: =F75+F80+F82 -> 0

Sheet O. ECONOMICA - BNC
B2: CANTIDAD Y PRESUPUESTO DE OBRA PARA LAS REPARACIONES LOCATIVAS DEL INMUEBLE (BIBLIOTECA NACIONAL DE COLOMBIA _ BOGOTÁ D.C) CON VALOR CULTURALES QUE REQUIERE INTERVENCION A CARGO DEL MINISTERIO DE CULTURA.
B3: PRESUPUESTO DE OBRA PARA LAS REPARACIONES LOCATIVAS DEL INMUEBLE (BIBLIOTECA NACIONAL DE COLOMBIA - BOGOTÁ D.C) A CARGO DEL MINISTERIO DE CULTURA.
B4: SEDE: | C4: BIBLIOTECA NACIONAL DE COLOMBIA
A5: RESOLUCIÓN No 0152 MAYO/2017 | B5: ITEM | C5: DESCRIPCION | D5: UNIDAD | E5: CANTIDAD | F5: VR. UNITARIO | G5: VR. TOTAL
B6: 1 | C6: PRELIMINARES PARA REPARACIONES LOCATIVAS :(Inc. Preliminares,Localización,Replanteo manual,Demoliciones y Desmontes) | G6: =G7+G13+G15 -> 0
B7: 1.1 | C7: PRELIMINARES | G7: =SUM(G8:G12) -> 0
A8: 4293 | B8: ='[4]APUS 1,1,1'!C9 -> 1,1,1 | C8: ='[4]APUS 1,1,1'!D9 -> Cerramiento Provisional en Tela (incl. Instalación y Desmonte) | D8: ='[4]APUS 1,1,1'!I9 -> ML | E8: 58.68 | G8: =+ROUND(E8*F8,0) -> 0
B9: ='[4]APUS 1,1,2'!C8 -> 1.1.2 | C9: ='[4]APUS 1,1,2'!D8 -> Cerramiento Provisional en Lámina y Repisa (incl. Instalación y Desmonte) | D9: ='[4]APUS 1,1,2'!I8 -> ML | E9: 11.736 | G9: =+ROUND(E9*F9,0) -> 0
B10: ='[4]APUS 1,1,3'!C8 -> 1,1,3 | C10: ='[4]APUS 1,1,3'!D8 -> Campamento de Obra 36 M2 Tres espacios | D10: ='[4]APUS 1,1,3'!I8 -> UN | E10: 1 | G10: =+ROUND(E10*F10,0) -> 0
B11: ='[4]APU 1.1.4'!C8 -> 1.1.4 | C11: ='[4]APU 1.1.4'!D8 -> Protección Ambiental Provisional en Tela verde y Cinta de Seguridad para forrado de paneles y puertas al interior de la edificación (incl. Instalación y Desmonte) | D11: ='[4]APU 1.1.4'!I8 -> ML | E11: 29.34 | G11: =+ROUND(E11*F11,0) -> 0
B12: ='[4]APUS 1.1.5'!C8 -> 1.1,5 | C12: ='[4]APUS 1.1.5'!D8 -> Protección Ambiental Provisional en Tela verde, Plástico cartón para pisos y Cinta de Seguridad para forrado de pisos, paneles y puertas al interior de la edificación (incl. Instalación y Desmonte) | D12: ='[4]APUS 1.1.5'!I8 -> M² | E12: 142.36 | G12: =+ROUND(E12*F12,0) -> 0
B13: 1.2 | C13: Localización y Replanteo Manual | G13: =SUM(G14:G14) -> 0
A14: 5343 | B14: =+'[4]APUS 1.2,1'!C8 -> 1,2,1 | C14: =+'[4]APUS 1.2,1'!D8 -> Replanteo y Localización para arquitectura, sobre terreno. | D14: =+'[4]APUS 1.2,1'!I8 -> M² | E14: 142.36 | G14: =+ROUND(E14*F14,0) -> 0
B15: 1.3 | C15: Varios Preliminares para reparaciones locativas (Incluye desmontes y demoliciòn). | G15: =SUM(G16:G18) -> 0
A16: 28 | B16: ='[4]APUS 1,3,8'!C8 -> 1,3,8 | C16: =+'[4]APUS 1,3,8'!D8 -> Demolición Muros de ladrillo de espesor a 0,15 A 0,45 m (Incluye: Retiro a escombrera certificada). | D16: =+'[4]APUS 1,3,8'!I8 -> M2 | E16: 13.14 | G16: =+ROUND(E16*F16,0) -> 0
A17: 4992 | B17: ='[4]APUS 1,3,10'!C7 -> 1,3,10 | C17: ='[4]APUS 1,3,10'!D7 -> Demolición Placa maciza en concreto e= 0.20 cm (Incluye: Acabado de piso, aceros de refuerzo, alistado y Retiro de material sobrante a escombrera certificada). | D17: ='[4]APUS 1,3,10'!I7 -> M2 | E17: 1.94 | G17: =+ROUND(E17*F17,0) -> 0
B18: ='[4]APUS 1,3,11'!C8 -> 1,3,11 | C18: ='[4]APUS 1,3,11'!D8 -> Escarificación de pañete muros, vigas, cimentación y columnas e= 0,05cmt Manual. (Incluye: Retiro de Sobrantes a sitio de apcopio). | D18: ='[4]APUS 1,3,11'!I8 -> M2 | E18: 613.31 | G18: =+ROUND(E18*F18,0) -> 0
B19: 2. | C19: EXCAVACIÓN Y RELLENOS PARA REPARACIÓN LOCATIVA DE DE ESTRUCTURAS: (Inc. Excavación manual y/o maquina,Rellenos material selecionado o recebo) | G19: =G20 -> 0
B20: 2.1 | C20: EXCAVACIÓN DE TIERRA | G20: =SUM(G21:G22) -> 0
A21: 5579 | B21: =+'[4]APUS 2.1.4'!C8 -> 2.1.4 | C21: =+'[4]APUS 2.1.4'!D8 -> Cargue de Material de Demolición | D21: =+'[4]APUS 2.1.4'!I8 -> M3 | E21: 72.64 | G21: =+ROUND(E21*F21,0) -> 0
B22: ='[4]APUS 2,1,5'!C9 -> 2,1,5 | C22: ='[4]APUS 2,1,5'!D9 -> Excavación Manual en Conglomerado Bajo Agua H=0.0-2.0 M (Incluye: Retiro de sobrantes a una distancia menor de 5 5 KM, Manejo de aguas nivel freático) | D22: ='[4]APUS 2,1,5'!I9 -> M3 | E22: 38.67 | G22: =+ROUND(E22*F22,0) -> 0
B23: 3 | C23: CIMENTACIÓN NUEVAS PARA REPARACIÓN LOCATIVA DE ESTRUCTURAS: (Inc. Concreto Pobre Base,Zapatas,Vigas ,Placas,Pilotes,Sacanucleos,Dados y Estructura Metálicas). | G23: =G24 -> 0
B24: 3.1 | C24: CIMENTACIÓN | G24: =SUM(G25:G26) -> 0
B25: ='[4]APUS 3,1,2'!C9 -> 3,1,2 | C25: ='[4]APUS 3,1,2'!D9 -> Vigas de Cimentación en Concreto Reforzado 4000 PSI | D25: ='[4]APUS 3,1,2'!I9 -> M³ | E25: 2.39 | G25: =+ROUND(E25*F25,0) -> 0
B26: ='[4]APUs 3.1.3'!C8 -> 3.1.3 | C26: ='[4]APUs 3.1.3'!D8 -> Filtro nivel freatico (Incluye: Suministro de grava 3/4, geotextil no tejido, tubo pvc perforado). | D26: ='[4]APUs 3.1.3'!I8 -> ML | E26: 47.15 | G26: =+ROUND(E26*F26,0) -> 0
B27: 4 | C27: REPARACIÓN LOCATIVA DE ESTRUCTURA EXISTENTES:(Columnas,vigas áereas,Placas áereas y contrapiso, Juntas de dilatación, Estructuras Metálicas y Anclajes) | G27: =+G28+G30 -> 0
B28: 4.1 | C28: ESTRUCTURA DE CONCRETO | G28: =SUM(G29:G29) -> 0
B29: ='[4]APUS 4,1,1'!C7 -> 4,1,1 | C29: ='[4]APUS 4,1,1'!D7 -> Suministro e Instalación de Concreto 4000 psi Columnas - Pantalla (INCL. Formaleta,andamios , suministo e instalación concreto) | D29: ='[4]APUS 4,1,1'!I7 -> M³ | E29: 1.31 | G29: =+ROUND(E29*F29,0) -> 0
B30: 4.3 | C30: REPARACIÓN LOCATIVA EN LA CIMENTACIÒN Y ANCLAJES EN LA ESTRUCTURAL Y SUPER ESTRUCTURA. (INCLUYE ANCLAJES EN:VIGAS DE CIMENTACIÒN Y AÈREAS,COLUMNAS, PANTALLAS,DADOS, ZAPATAS). | G30: =SUM(G31:G32) -> 0
B31: =+'[4]APUS 4,3,1'!C9 -> 4,3,1 | C31: =+'[4]APUS 4,3,1'!D9 -> Anclaje para reforzamiento en concreto para D= 3/8" con Longitud de 9 cm de profundidad estandar. (Incluye: Perforacion en concreto con diámetro de 1/4 más del anclaje, limpieza y epóxico) | D31: =+'[4]APUS 4,3,1'!I9 -> UN | E31: 75 | G31: =+ROUND(E31*F31,0) -> 0
B32: ='[4]APUS 4,3,2'!C9 -> 4,3,2 | C32: ='[4]APUS 4,3,2'!D9 -> Lloraderos en cimenrtación D= 1 1/2¨ en Muros de Concreto y/o Mampostaria maciza. (Incluye:Pre-hueco, Suministro TUBERIA PVC-P 1 D ¨= 1 perforada L=1.5, geotextil no tejido 2000 y brocas diamantada de corte humedo ). | D32: ='[4]APUS 4,3,2'!I9 -> ML | E32: 224 | G32: =+ROUND(E32*F32,0) -> 0
B33: 5 | C33: ACERO DE REFUERZO Y MALLAS PARA REPARACIONES : (Inc. Cimentación, Vigas, Columnas,Placas, Pantallas,Pilotes) | G33: =G34+G36 -> 0
B34: 5.1 | C34: ACERO DE REFUERZO CIMENTACIÓN | G34: =SUM(G35:G35) -> 0
B35: ='[4]APUS 5,1,1'!C8 -> 5,1,1 | C35: ='[4]APUS 5,1,1'!D8 -> acero de refuerzo vigas de cimentación; Acero de Refuerzo grado 60 | D35: ='[4]APUS 5,1,1'!I8 -> KG | E35: 39 | G35: =+ROUND(E35*F35,0) -> 0
B36: 5.2 | C36: ACERO DE REFUERZO ESTRUCTURA | G36: =SUM(G37:G37) -> 0
A37: 5067 | B37: ='[4]APUS 5,2,1'!C8 -> 5.2.1 | C37: ='[4]APUS 5,2,1'!D8 -> Acero de refuerzo columnas y Muros grado 60. | D37: ='[4]APUS 5,2,1'!I8 -> KG | E37: 82.08 | G37: =+ROUND(E37*F37,0) -> 0
B38: 6 | C38: MAMPOSTERIA | G38: =G39 -> 0
B39: 6.1 | C39: MAMPOSTERIA INTERIOR | G39: =SUM(G40:G40) -> 0
B40: ='[4]APUs 6.1.3'!C8 -> 6.1.3 | C40: ='[4]APUs 6.1.3'!D8 -> Mampostería Liviana Dry Wall e=10cm Doble Cara (INCLUYE: Suminsitro material y instalación) | D40: ='[4]APUs 6.1.3'!I8 -> M2 | E40: 150 | G40: =+ROUND(E40*F40,0) -> 0
B41: 8 | C41: PAÑETES :(Bajo Placa, Muros divisorios y Fachada) | G41: =G42 -> 0
B42: 8.1 | C42: PAÑETES MUROS | G42: =SUM(G43:G44) -> 0
A43: 121 | B43: ='[4]APUS 8,1,2'!C8 -> 8,1,2 | C43: ='[4]APUS 8,1,2'!D8 -> Pañete Muros liso Interiores allanado muros 1:4 espesor 2 cm (Incluye filos y dilataciones). | D43: ='[4]APUS 8,1,2'!I8 -> M² | E43: 7.31 | G43: =+ROUND(E43*F43,0) -> 0
B44: ='[4]APUS 8,1,19'!C8 -> 8,1,19 | C44: ='[4]APUS 8,1,19'!D8 -> Pañete esructural con malla 1 5 x 15 Impermeabilizado (Incluye : Aclajes de 1/4, epoxicos , malla M-84 DE 15 X 15,mortero filos y dilataciones). | D44: ='[4]APUS 8,1,19'!I8 -> M² | E44: 262.28 | G44: =+ROUND(E44*F44,0) -> 0
B45: 9 | C45: PISOS: (Inc. Alistado, Afinados,Media cañas y acabados) | G45: =G46 -> 0
B46: 9.1 | C46: AFINADO PISOS | G46: =SUM(G47:G47) -> 0
B47: ='[4]APU 9,1,1'!C7 -> 9,1,1 | C47: ='[4]APU 9,1,1'!D7 -> Media caña en cemento mortero 1:3 h=0,15cmts | D47: ='[4]APU 9,1,1'!I7 -> ML | E47: 48.95 | G47: =+ROUND(E47*F47,0) -> 0
B48: 11 | C48: ESTUCO Y PINTURA | G48: =G49 -> 0
B49: 11.1 | C49: ESTUCO Y PINTURA | G49: =SUM(G50:G50) -> 0
A50: 6337 | B50: ='[4]APUS 11,1,1'!C8 -> 11,1,1 | C50: ='[4]APUS 11,1,1'!D8 -> Pintura Vinilo Tipo 1 (Incluye Tres Manos sobre Muro). | D50: ='[4]APUS 11,1,1'!I8 -> M² | E50: 220.43 | G50: =+ROUND(E50*F50,0) -> 0
B51: 12 | C51: CARPINTERIA MADERA (CAPÍTULO Y ACTIVIDADES NO SE COTIZARÓN POR NO ESTAR DENTRO DEL ALCANCE DEL PRESENTE PRESUPUESTO). | G51: 0
B52: 13 | C52: INSTALACIONES HIDRAULICAS Y SANITARIAS | G52: =+(G53) -> 0
B53: 13.1 | C53: INSTALACIONES HIDRAULICAS Y SANITARIAS | G53: =SUM(G54:G59) -> 0
B54: ='[4]APUS 13,1,4'!C6 -> 13,1,4 | C54: ='[4]APUS 13,1,4'!D6 -> Registro de Paso Directo 2'' (Incluye: suminstro e instalación, sellador y teflon) | D54: ='[4]APUS 13,1,4'!I6 -> UND | E54: 2 | G54: =+ROUND(E54*F54,0) -> 0
B55: ='[4]APUS 13,1,5'!C6 -> 13,1,5 | C55: ='[4]APUS 13,1,5'!D6 -> Cheque hidro de 2'' (Incluye: suminstro e instalación, sellador y teflon) | D55: ='[4]APUS 13,1,5'!I6 -> UND | E55: 2 | G55: =+ROUND(E55*F55,0) -> 0
B56: ='[4]APUS 13,1,6'!C9 -> 13,1,6 | C56: ='[4]APUS 13,1,6'!D9 -> Tubería PVC-P RDE 21 de 2'' (Incluye: Suministro, accesorios y pegante e instalación). | D56: ='[4]APUS 13,1,6'!I9 -> ML | E56: 66.9 | G56: =+ROUND(E56*F56,0) -> 0
A57: 5569 | B57: =+'[4]APUS 13,1,7'!C6 -> 13,1,7 | C57: =+'[4]APUS 13,1,7'!D6 -> Tubería PVC-P RDE 21 de 1 - 1/2'' (Incluye: Suministro, accesorios y pegante e instalación),. | D57: =+'[4]APUS 13,1,7'!I6 -> ML | E57: 28.55 | G57: =+ROUND(E57*F57,0) -> 0
B58: ='[4]APUs 13.1.9'!C8 -> 13.1.9 | C58: ='[4]APUs 13.1.9'!D8 -> Suministro en instalación bomba sumersible 1 hp. ( Incluye: Suministro e Instalación de bomba para Abatir nivel freático) | D58: ='[4]APUs 13.1.9'!I8 -> UN | E58: 2 | G58: =+ROUND(E58*F58,0) -> 0
B59: ='[4]APUS 13,1,11'!C6 -> 13,1,11 | C59: ='[4]APUS 13,1,11'!D6 -> Pozo eyector 1.0 x 2.00 x 0.6 (Incluye: Marco y Tapa reforzada en ángulo 2" 2" 1/8") | D59: ='[4]APUS 13,1,11'!I6 -> UN | E59: 1 | G59: =+ROUND(E59*F59,0) -> 0
B60: 14 | C60: INSTALACIONES ELÉCTRICAS, VOZ,DATOS,CCTV,SONIDO Y CONTROL DE ACCESO. | G60: =G61+G64 -> 0
B61: 14.1 | C61: CABLEADO DE ACOMETIDA Y ALIMENTADORES | G61: =SUM(G62:G63) -> 0
B62: ='[4]APUS 14.1.8 (5)'!C8 -> 14.1.8 | C62: ='[4]APUS 14.1.8 (5)'!D8 -> Acometida en cable 1No.10+1No.10N +1No.10T AWG HFFR LS Cu a TN1 en tubería EMT 1" | D62: ='[4]APUS 14.1.8 (5)'!I8 -> ML | E62: 88.45 | G62: =+ROUND(E62*F62,0) -> 0
B63: ='[4]APUS 14.1.9 (5)'!C8 -> 14.1.9 | C63: ='[4]APUS 14.1.9 (5)'!D8 -> Acometida en cable 1No.12+1No.12N +1No.12T AWG HFFR LS Cu a TN1 en tubería EMT 1" | D63: ='[4]APUS 14.1.9 (5)'!I8 -> ML | E63: 21.9 | G63: =+ROUND(E63*F63,0) -> 0
B64: 14.4 | C64: SALIDA DE ALUMBRADO Y TOMACORRIENTES NORMALES Y REGULADOS | G64: =SUM(G65:G66) -> 0
B65: ='[4]APUS 14.4.4 (2)'!C15 -> 14.4.4 | C65: ='[4]APUS 14.4.4 (2)'!D15 -> Interruptor Sencillo. Incluye incidencia de tubería EMT 3/4" y conductor 2No.12+1No.12T AWG Cu | D65: ='[4]APUS 14.4.4 (2)'!I16 -> UN | E65: 4 | G65: =+ROUND(E65*F65,0) -> 0
B66: ='[4]APUS 14.4.9 (2)'!C7 -> 14.4.9 | C66: ='[4]APUS 14.4.9 (2)'!D7 -> Salida para luminaria. Incluye la incidencia de tuberia conduit EMT de 3/4" y conductor en cable 1No.12+1No.12T AWG Cu HFFR LS | D66: ='[4]APUS 14.4.9 (2)'!I8 -> UN | E66: 57 | G66: =+ROUND(E66*F66,0) -> 0
B67: 18 | C67: GENERALES: (Aseo ,Montajes) | G67: =SUM(G68:G68) -> 0
A68: 5948 | B68: =+'[4]APUS 18,1,1'!C6 -> 18,1,1 | C68: =+'[4]APUS 18,1,1'!D6 -> Aseo General para entrega de Obra | D68: =+'[4]APUS 18,1,1'!I6 -> M² | E68: 304.3638 | G68: =+ROUND(E68*F68,0) -> 0
B70: SUB TOTAL COSTO DIRECTO | G70: =G6+G19+G23+G27+G33+G38+G41+G45+G48+G51+G52+G60+G67 -> 0
B71: ADMINISTRACION | G71: =+ROUND(F71*G70,0) -> 0
B72: IMPREVISTOS | G72: =+ROUND(F72*G70,0) -> 0
B73: UTILIDAD | G73: =+ROUND(F73*G70,0) -> 0
B74: IVA SOBRE UTILIDAD | F74: 0.19 | G74: =+ROUND(F74*G73,0) -> 0
B75: VALOR TOTAL | G75: =SUM(G70:G74) -> 0
